 Dungeon Crawl Stone Soup version 0.26-b1-32-g5d43845318 (webtiles) character file.

Game seed: 15710598269061271058

1181 Borgoz the Cudgeller (level 8, -3/49 HPs)
             Began as a Gargoyle Gladiator on Jan 10, 2021.
             Killed by divine providence
             ... invoked by an orc priest
              (16 damage)
             ... on level 6 of the Dungeon.
             The game lasted 00:07:19 (6306 turns).

Borgoz the Cudgeller (Gargoyle Gladiator)           Turns: 6306, Time: 00:07:20

Health: -3/49      AC: 12    Str: 17    XL:     8   Next: 42%
Magic:  8/8        EV: 14    Int: 10    God:
Gold:   359        SH:  5    Dex: 13    Spells: 7/7 levels left

rFire    . . .     SeeInvis +   C - +0 morningstar (curse)
rCold    . . .     Faith    .   (no shield)
rNeg     + . .     Spirit   .   b - +0 leather armour
rPois    ∞         Reflect  +   c - +0 helmet
rElec    +         Harm     .   (no cloak)
rCorr    +         Rampage  .   B - +1 pair of gloves
Will     .....                  y - +0 pair of boots
Stlth    +.........             v - amulet of reflection
HPRegen  0.16/turn              q - ring of see invisible
MPRegen  0.11/turn              w - ring of resist corrosion

@: no status effects
A: negative energy resistance 1, electricity resistance, unbreathing,
petrification resistance, miasma immunity, AC +5
a: no special abilities


You were on level 6 of the Dungeon.
You visited 2 branches of the dungeon, and saw 7 of its levels.

You collected 359 gold pieces.

Inventory:

Hand Weapons
 C - a cursed +0 morningstar (weapon)
Missiles
 d - 5 throwing nets (quivered)
Armour
 b - a +0 leather armour (worn)
 c - a +0 helmet (worn)
 y - a +0 pair of boots (worn)
 B - a +1 pair of gloves (worn)
Jewellery
 q - a ring of see invisible (left hand)
 v - an amulet of reflection (around neck)
 w - a ring of resist corrosion (right hand)
Wands
 a - a wand of paralysis (13)
 u - a wand of flame (24)
Scrolls
 g - 4 scrolls of teleportation {unknown}
 j - 2 scrolls of enchant weapon {unknown}
 l - 5 scrolls of identify {unknown}
 n - 4 scrolls of remove curse {unknown}
 o - a scroll of random uselessness {unknown}
 t - a scroll of amnesia {unknown}
 z - a scroll of immolation {unknown}
 A - a scroll of noise {unknown}
 D - a scroll of enchant armour {unknown}
Potions
 e - 3 potions of curing {unknown}
 f - 2 potions of heal wounds
 h - 2 potions of brilliance {unknown}
 i - a potion of attraction {unknown}
 k - a potion of lignification
 m - a potion of mutation {unknown}
 p - a potion of invisibility {unknown}
 r - 2 potions of degeneration {unknown}
 s - 2 potions of ambrosia {unknown}
 x - a potion of haste {unknown}


   Skills:
 + Level 5.2 Fighting
 * Level 6.8 Maces & Flails
 - Level 1.7 Throwing
 * Level 5.7 Dodging


You had 7 spell levels left.
You didn't know any spells.
Your spell library was empty.

Dungeon Overview and Level Annotations

Branches:
Dungeon (6/15)             Temple (1/1) D:4

Altars:
Cheibriados
Dithmenos
Elyvilon
Fedhas
Makhleb
Nemelex Xobeh
Okawaru
Qazlal
Ru
Trog
Uskayaw
Wu Jian
Xom
Zin
The Shining One

Annotations:
D:3 3 runed translucent doors, 2 transporters, grindst0ne's ghost, amateur OgHu


Innate Abilities, Weirdness & Mutations

You are resistant to torment.
Your stone body is resilient. (AC +5)
You are immune to poison.
You resist negative energy. (rN+)
You are resistant to electric shocks. (rElec)
You can survive without breathing.
You are immune to petrification.
You are immune to miasma.


Message History

The orc wizard casts a spell at you.
The puff of flame hits you but does no damage.
You bump into the rock wall.
The orc wizard casts a spell at you. The magic dart hits you.
The orc wizard casts a spell at you. You resist with some effort.
You're too confused to move!
The orc wizard hits you but does no damage.
You feel less confused.
The orc wizard points at you and mumbles some strange words.
The magic dart hits you!
You barely miss the orc.
The orc wizard points at you and mumbles some strange words.
The puff of flame hits you!
* * * LOW HITPOINT WARNING * * *
The orc completely misses you.
The orc priest mumbles some strange prayers to Beogh against you.
Beogh smites you!
You die...

#.# #.# #.#######
##.......# #........# #####
#........# #...# #........#
#...# #........# #...#
########.######.@o#########
#..........ooo.......
#.......#...#########
#.......#...# ###...#######
#...# #...# #####


You could see 2 orc priests, an orc wizard (invisible) and an orc.

Vanquished Creatures
  Sigmund (D:5)
  An ice beast (D:5)
  A phantom (D:5)
  A scorpion (D:6)
  A howler monkey (D:4)
  A bullfrog zombie (D:6)
  A jelly (D:5)
  A hound (D:6)
  A centaur skeleton (D:4)
  2 orc priests (D:5)
  4 orc wizards
  A bullfrog skeleton (D:5)
  Jessica (D:2)
  An iguana (D:2)
  2 worker ants (D:4)
  A hound skeleton (D:4)
  Robin (D:2)
  2 gnolls (D:2)
  11 adders
  A white imp (D:6)
  An adder zombie (D:5)
  2 adder skeletons (D:4)
  3 worms
  3 dart slugs
  3 leopard geckos (D:2)
  19 orcs
  6 giant cockroaches
  16 goblins
  15 hobgoblins
  15 jackals
  11 kobolds
  A quokka (D:4)
  4 ball pythons
  4 bats
  10 frilled lizards
  A jackal skeleton (D:6)
  5 rats
155 creatures vanquished.

Notes
Turn   | Place    | Note
-------+----------+-------------------------------------------
     0 | D:1      | Borgoz the Gargoyle Gladiator began the quest for the Orb.
     0 | D:1      | Reached XP level 1. HP: 12/12 MP: 1/1
    64 | D:1      | Reached XP level 2. HP: 16/18 MP: 2/2
   350 | D:1      | Reached XP level 3. HP: 20/22 MP: 3/3
  1012 | D:2      | Noticed Robin
  1058 | D:2      | Killed Robin
  1059 | D:2      | Reached XP level 4. HP: 14/27 MP: 4/4
  1357 | D:2      | Noticed Jessica
  1367 | D:2      | Killed Jessica
  1368 | D:2      | Reached skill level 4 in Maces & Flails
  1517 | D:2      | Reached XP level 5. HP: 32/32 MP: 5/5
  2637 | D:3      | Found a runed translucent gate.
  2714 | D:3      | Found a sacrificial altar of Ru.
  2729 | D:3      | Found a runed translucent gate.
  2729 | D:3      | Found a runed translucent gate.
  2736 | D:3      | Reached XP level 6. HP: 37/37 MP: 6/6
  2913 | D:3      | Noticed grindst0ne's ghost (amateur OgHu)
  3244 | D:3      | Found a transporter.
  3259 | D:3      | Found a transporter.
  3603 | D:4      | Found a staircase to the Ecumenical Temple.
  3653 | D:4      | Found a glowing silver altar of Zin.
  3666 | D:5      | Entered Level 5 of the Dungeon
  3666 | D:5      | Noticed an ice beast
  3703 | Temple   | Entered the Ecumenical Temple
  3934 | D:4      | Found a white marble altar of Elyvilon.
  3935 | D:4      | Found a blossoming altar of Fedhas.
  3935 | D:4      | Found a shimmering altar of Xom.
  3939 | D:4      | Found an iron altar of Okawaru.
  3980 | D:4      | Reached skill level 5 in Maces & Flails
  4144 | D:4      | Reached XP level 7. HP: 27/43 MP: 7/7
  4933 | D:5      | Noticed Sigmund
  4951 | D:5      | Killed Sigmund
  4952 | D:5      | Reached skill level 6 in Maces & Flails
  4952 | D:5      | Reached skill level 5 in Dodging
  4959 | D:5      | Reached XP level 8. HP: 31/48 MP: 8/8
  5327 | D:5      | You fall into a shaft and drop 1 floor!
  5366 | D:6      | Reached skill level 5 in Fighting
  6306 | D:6      | Killed from afar by an orc priest

Illustrated notes

Levels and vault maps discovered:
D:1:      shiori_arrival_elements, layout_loops_ring
D:2:      minmay_razor_zed, layout_loops_ring, hangedman_decor_clover_reticule,
          cheibrodos_gnoll_hut, uniq_robin, uniq_jessica
D:3:      gammafunk_wand_slinger, layout_loops_ring,
          nicolae_ru_the_path_less_chosen, gammafunk_ghost_icy
D:4:      layout_rooms, zin_treasury,
          chequers_temple_overflow_statue_of_worship, temple_fountains,
          minmay_misc_feat_four_crosses
D:5:      layout_loops_ring, uniq_sigmund
D:6:      layout_basic
Temple:   compressed_dpeg_triangle_lava_temple

Skill      XL: |  1  2  3  4  5  6  7  8 |
---------------+-------------------------+-----
Dodging        | 3 4 5 |  5.7
Fighting       | 3 4 5 |  5.2
Maces & Flails | 4 5 6 |  6.8
Throwing       | |  1.7

Action                   |  1- 3 |  4- 6 |  7- 9 || total
-------------------------+-------+-------+-------++-------
Melee: Flail             |   140 |   303 |   207 ||   650
       Morningstar       |       |       |    13 ||    13
  Use: Potion            |     2 |       |     1 ||     3
Armor: Leather armour    |    60 |   151 |    75 ||   286
       Skin              |       |       |    33 ||    33
Dodge: Dodged            |    95 |   257 |   166 ||   518
Block: Other             |       |    36 |    59 ||    95
       Reflection        |       |       |     3 ||     3
